 Dungeon Crawl Stone Soup version 0.29-a0-1009-g60c99734e7 (webtiles) character file.

Game seed: 324136411176948158

82 spaghetti the Trooper (level 4, -1/49 HPs)
             Began as an Ogre Monk on Aug 8, 2022.
             Slain by Robin
             ... wielding a +1 vampiric trident
              (6 damage)
             ... on level 2 of the Dungeon.
             The game lasted 00:05:04 (1372 turns).

spaghetti the Trooper (Ogre Monk)                   Turns: 1372, Time: 00:05:05

Health: -1/49      AC:  6    Str: 15      XL:     4   Next: 43%
Magic:  6/6        EV: 14    Int: 12 (13) God:
Gold:   25         SH:  0    Dex: 11      Spells: 5/6 levels left

rFire   . . .      SeeInvis .     - Unarmed
rCold   . . .      Faith    .   (no shield)
rNeg    . . .      Spirit   .   a - +0 robe
rPois   .          Reflect  .   (helmet restricted)
rElec   .          Harm     .   j - +0 cloak
rCorr   .          Rampage  .   (gloves unavailable)
Will    .....                   (boots unavailable)
Stlth   ++........              (no amulet)
HPRegen 0.16/turn               c - +4 ring of evasion
MPRegen 0.10/turn               l - ring of wizardry

@: no status effects
A: large, unfitting armour, tough skin 1, iridescent scales 1, deterioration 1,
sturdy frame 1
a: no special abilities


You were on level 2 of the Dungeon.
You visited 1 branch of the dungeon, and saw 2 of its levels.

You collected 25 gold pieces.


Innate Abilities, Weirdness & Mutations

You are too large for most types of armour.
You have tough skin. (AC +1)
You are partially covered in iridescent scales. (AC +2)
Your body sometimes deteriorates upon taking damage.
Your movements are slightly less encumbered by armour. (ER -2)


   Skills:
 + Level 4.6 Fighting
 + Level 3.3 Dodging
 - Level 1.4 Stealth
 + Level 3.2 Unarmed Combat
 + Level 1.8 Spellcasting
 + Level 0.7 Earth Magic


You had 5 spell levels left.
You knew the following spells:

 Your Spells              Type           Power      Damage    Failure   Level
a - Sandblast             Erth           4%         2d4       9%          1

Your spell library contained the following spells:

 Spells                   Type           Power      Damage    Failure   Level
 Passwall                 Tmut/Erth      0%         N/A       16%         2
 Stone Arrow              Conj/Erth      2%         3d7       28%         3

Inventory:

Hand Weapons
 b - a +0 flail {mace}
   (You took it off a gnoll on level 1 of the Dungeon)
 f - a +0 spear {polearm}
   (You found it on level 1 of the Dungeon)
 i - a +0 spear {polearm}
   (You found it on level 1 of the Dungeon)
Missiles
 e - 2 javelins (quivered) {throwing}
 n - 2 stones {throwing}
Armour
 a - a +0 robe (worn)
 j - a +0 cloak (worn)
   (You found it on level 1 of the Dungeon)
Jewellery
 c - a +4 ring of evasion (left hand)
   (You found it on level 1 of the Dungeon)
 l - a ring of wizardry (right hand)
   (You found it on level 1 of the Dungeon)
Potions
 o - a potion of mutation {!q}

Dungeon Overview and Level Annotations

Branches:
Dungeon (2/15) Zot: 10611

Altars:

Annotations:
D:2 Robin

...............
...h...........
#....)g.....
#...........
#...........
#.........## .
#####.......#.####
#g.†..............
#@###gg......####.
#.###...........#.
#)?#..###.####....
##.....##.## #..
###.#..#..# #..
#.##.##.# ####.
###.##..#.###....
#.......#.#...###
#...........###


You could see Robin.


Message History

The hobgoblin barely misses you. 😨 HP[+4] MP[+3]
You regained 4 hp, and now have 18/49 hp.
You regained 3 mp, and now have 5/6 mp.
Unknown command.
You hit Robin but do no damage. Robin hits you but does no damage.
The hobgoblin closely misses you. 😨 HP[+3] MP[+1]
You regained 3 hp, and now have 21/49 hp.
Your mp is fully restored (6).
You miss Robin. Your punch misses Robin. 😮 HP[+4]
You regained 4 hp, and now have 25/49 hp.
You hit the hobgoblin. Robin closely misses you.
The hobgoblin barely misses you. 😮 HP[+5]
You regained 5 hp, and now have 30/49 hp.
You hit Robin but do no damage.
Robin hits you with a +1 vampiric trident.
Your body deteriorates!
You feel dopey. Robin draws strength from your wounds! The hobgoblin hits you.
* * * LOW HITPOINT WARNING * * *
😨 HP[-8]
You take 8 damage, and now have 22/49 hp.
You bump into the rock wall.
Robin barely misses you.
The hobgoblin closely misses you. 😮 HP[+3]
You regained 3 hp, and now have 25/49 hp.
You bump into the rock wall.
Robin hits you with a +1 vampiric trident.
The hobgoblin hits you but does no damage.
You hit Robin.
You feel less invigorated.
You feel less confused.
Robin hits you with a +1 vampiric trident.
The hobgoblin hits you but does no damage.
You barely miss Robin. Robin closely misses you.
The hobgoblin completely misses you.
You hit Robin.
Robin drinks a potion.
Robin is healed!
The hobgoblin barely misses you.
Unknown command.
You closely miss Robin. Robin closely misses you.
The hobgoblin closely misses you.
You hit the hobgoblin.
Robin hits you with a +1 vampiric trident.
* * * LOW HITPOINT WARNING * * *
The hobgoblin hits you.
* * * LOW HITPOINT WARNING * * *
😨 HP[-4]
You take 4 damage, and now have 21/49 hp.
You barely miss the hobgoblin.
Robin hits you with a +1 vampiric trident.
* * * LOW HITPOINT WARNING * * *
The hobgoblin hits you.
* * * LOW HITPOINT WARNING * * *
😨 HP[-5]
You take 5 damage, and now have 16/49 hp.
As you read the scroll labelled NOUNAU ZUMN, it crumbles to dust.
It is a scroll of identify.
You don't have any unidentified items.
Robin hits you with a +1 vampiric trident.
* * * LOW HITPOINT WARNING * * *
The hobgoblin hits you.
* * * LOW HITPOINT WARNING * * *
😨 HP[-3]
You take 3 damage, and now have 13/49 hp.
You aren't carrying any scrolls.
Unknown command.
You aren't carrying any items that you can evoke.
Okay, then.
Okay, then.
You hit the hobgoblin.
You kill the hobgoblin!
Robin closely misses you.
Unknown command.
Unknown command.
You hit Robin but do no damage.
Robin hits you with a +1 vampiric trident.
* * * LOW HITPOINT WARNING * * *
😱 HP[-1]
You take 1 damage, and now have 12/49 hp.
You barely miss Robin.
Robin hits you with a +1 vampiric trident.
* * * LOW HITPOINT WARNING * * *
😱 HP[-3]
You take 3 damage, and now have 9/49 hp.
You hit Robin.
Robin hits you with a +1 vampiric trident.
* * * LOW HITPOINT WARNING * * *
Robin draws strength from your wounds! 😱 HP[-4]
You take 4 damage, and now have 5/49 hp.
Okay, then.
Throw: 3 javelins {throwing}
Press: ? - help, Shift-Dir - straight line, f/p - Robin
Aim: Robin, wielding a +1 vampiric trident, wearing a +0 animal skin and wearing a +0 helmet (lightly wounded, 65% to hit)
You throw a javelin {throwing}.
The javelin {throwing} pierces through Robin.
Robin hits you with a +1 vampiric trident.
You die...

Skill      XL: |  1  2 |
---------------+-------+-----
Spellcasting   | 1 |  1.8
Dodging        | 3 |  3.3
Unarmed Combat | 3 |  3.2
Fighting       | |  4.6
Stealth        | |  1.4
Earth Magic    | |  0.7

Action                   |  1- 3 |  4- 6 || total
-------------------------+-------+-------++-------
Melee: Unarmed           |    71 |    66 ||   137
       Punch             |     4 |     2 ||     6
Throw: Stone             |     2 |       ||     2
       Javelin           |     2 |     1 ||     3
 Cast: Sandblast         |    20 |     8 ||    28
  Use: Potion            |     5 |     3 ||     8
       Scroll            |     1 |     3 ||     4
 Stab: Sleeping          |     1 |       ||     1
Armor: Robe              |    27 |    33 ||    60
Dodge: Dodged            |    76 |    96 ||   172

Levels and vault maps discovered:
D:1:      zaba_arrival_water, layout_rooms,
          dreamdust_ecumenical_altar_angels_and_demons
D:2:      layout_rooms, uniq_robin

Notes
Turn   | Place    | Note
-------+----------+-------------------------------------------
     0 | D:1      | spaghetti the Ogre Monk began the quest for the Orb.
     0 | D:1      | Reached XP level 1. HP: 24/24 MP: 1/1
     0 | D:1      | magus.rc [v1.9.6]
    59 | D:1      | You pick up a book of Geomancy and begin reading...
    59 | D:1      | You add the spells Sandblast, Passwall and Stone Arrow to
                  | your library.
   119 | D:1      | Reached XP level 2. HP: 32/32 MP: 1/3
   212 | D:1      | Reached skill level 1 in Spellcasting
   258 | D:1      | Reached skill level 3 in Dodging
   261 | D:1      | magus.rc [v1.9.6]
   448 | D:1      | Reached skill level 3 in Unarmed Combat
   498 | D:1      | Reached XP level 3. HP: 39/40 MP: 4/4
   500 | D:1      | Learned a level 1 spell: Sandblast
   527 | D:1      | Found a faded altar of an unknown god.
   786 | D:2      | Noticed Robin
  1117 | D:2      | Reached XP level 4. HP: 46/49 MP: 1/6
  1297 | D:2      | Gained mutation: Your movements are slightly less
                  | encumbered by armour. (ER -2) [potion of mutation]
  1297 | D:2      | Gained mutation: You are partially covered in iridescent
                  | scales. (AC +2) [potion of mutation]
  1297 | D:2      | Gained mutation: Your body sometimes deteriorates upon
                  | taking damage. [potion of mutation]
  1369 | D:2      | HP: 12/49 [Robin/+1 vampiric trident (1)]
  1371 | D:2      | HP: 5/49 [Robin/+1 vampiric trident (4)]
  1372 | D:2      | Slain by Robin

Vanquished Creatures
  A gnoll (D:1)
  2 adders
  2 dart slugs
  5 bats
  4 endoplasms
  A giant cockroach (D:2)
  6 goblins
  9 hobgoblins
  4 jackals (D:2)
  A quokka (D:1)
  5 ball pythons (D:1)
  A frilled lizard (D:1)
  3 kobolds
  2 rats (D:1)
46 creatures vanquished.

Table legend:
 A = Non-vault XP
 B = Vault XP
 C = Vault XP percentage of total XP
 D = Non-vault monster count
 E = Vault monster count
 F = Vault count percentage of total count
                 A         B        C        D         E       F
            +---------+---------+-------+---------+---------+-------
      Total |      94 |      24 |  20.3 |      34 |      12 |  26.1
            +---------+---------+-------+---------+---------+-------
        D:1 |      60 |       2 |   3.2 |      22 |       1 |   4.3
        D:2 |      34 |      22 |  39.3 |      12 |      11 |  47.8
            +---------+---------+-------+---------+---------+-------

Illustrated notes

Table legend:
 A = Kills in this place as a percentage of kills in entire the game.
 B = Kills by you in this place as a percentage of kills by you in the entire game.
 C = Kills by friends in this place as a percentage of kills by friends in the entire game.
 D = Other kills in this place as a percentage of other kills in the entire game.
 E = Experience gained in this place as a percentage of experience gained in the entire game.
 F = Experience gained in this place divided by the number of levels of this place that you have seen.
                   A       B       C       D       E      F
               +-------+-------+-------+-------+-------+----------------------
         Total | 100.0 | 100.0 |   N/A |   N/A | 100.0 |  59.0
       Dungeon | 100.0 | 100.0 |   N/A |   N/A | 100.0 |  59.0
               +-------+-------+-------+-------+-------+----------------------

Table legend: (Time is in decaauts)
 A = Elapsed time spent in this place.
 B = Non-inter-level travel time spent in this place.
 C = Inter-level travel time spent in this place.
 D = Time resting spent in this place.
 E = Time spent auto-exploring this place.
 F = Levels seen in this place.
 G = Mean time per level.
                   A        B        C        D        E       F      G
               +--------+--------+--------+--------+--------+-----+--------+
         Total |   1387 |   1332 |     55 |     46 |    915 |   2 |  693.5 |
       Dungeon |   1387 |   1332 |     55 |     46 |    915 |   2 |  693.5 |
               +--------+--------+--------+--------+--------+-----+--------+

Top non-repeatable levels by time:
     D:1: 1031 daAuts
     D:2: 356 daAuts
